Map: Terraços Prion

Players

TheZergLord - Winner!

  • Race: Zerg Zerg
  • League: Master

PwTelivolts

  • Race: Terran Terran
  • League: Master

VOD

Have the link to the VOD?

Description

Time

  • Played on: May 23, 2016, 8:12 a.m.
  • Length: 10:50
Show
View Real Time Build Order
Export as new Build Order

TheZergLord Zerg - Winner!

Build Orders: Hatch First, Muta Ling Bane 

Get SALT Encoding   

  12  0:00  Drone  
  13  0:12  Overlord  
  13  0:17  Drone  
  14  0:31  Drone x2  
  14  0:34  Drone  
  17  0:52  Hatchery  
  17  0:56  Drone  
  17  1:10  Spawning Pool  
  16  1:12  Drone  
  16  1:15  Extractor  
  16  1:21  Drone x2  
  18  1:29  Drone  
  19  1:41  Overlord  
  19  1:57  Queen, Zergling x2  
  22  2:05  Queen  
  22  2:06  Zergling x4  
  26  2:17  Drone  
  26  2:20  Metabolic Boost  
  27  2:28  Drone x3  
  30  2:43  Drone x2  
  32  2:47  Hatchery  
  31  2:52  Queen  
  31  2:56  Overlord  
  33  3:00  Drone  
  33  3:01  Drone  
  33  3:03  Drone  
  36  3:08  Overlord  
  36  3:16  Drone x3  
  36  3:17  Drone  
  36  3:18  Drone x2  
  42  3:21  Drone  
  42  3:26  Drone  
  44  3:39  Overlord  
  44  3:41  Queen x2  
  44  3:42  Drone  
  44  3:43  Drone x2  
  44  3:46  Drone  
  52  4:01  Queen  
  54  4:08  Overlord  
  54  4:09  Drone x2  
  56  4:10  Drone x4  
  56  4:16  Overlord  
  60  4:17  Drone x2  
  60  4:18  Drone  
  63  4:28  Lair  
  63  4:31  Evolution Chamber  
  63  4:32  Baneling Nest  
  63  4:33  Drone x2  
  63  4:37  Zergling x2  
  63  4:38  Zergling x2  
  65  4:45  Hatchery  
  64  4:51  Extractor  
  63  4:53  Drone x3  
  63  4:54  Drone x7  
  73  5:04  Evolution Chamber  
  73  5:05  Extractor  
  73  5:06  Extractor  
  71  5:11  Drone x2, Extractor  
  71  5:12  Drone x2  
  71  5:13  Extractor  
  71  5:14  Zerg Ground Armor Level 1  
  73  5:29  Drone  
  74  5:37  Zergling x2  
  74  5:38  Zergling x6  
  73  5:48  Zerg Melee Weapons Level 1  
  73  5:52  Baneling Nest  
  72  5:57  Queen  
  74  6:17  Zergling x2  
  74  6:18  Zergling x10  
  80  6:20  Overlord x2  
  80  6:21  Overlord  
  80  6:26  Spire, Overlord x3  
  80  6:27  Drone  
  80  6:29  Hatchery  
  80  6:30  Drone  
  80  6:38  Queen  
  82  6:40  Centrifical Hooks  
  82  6:42  Drone  
  82  6:43  Drone  
  82  6:47  Drone x5  
  86  6:48  Zergling x6  
  86  6:49  Zergling x6  
  95  6:55  Zergling x2  
  96  7:02  Zergling x6  
  96  7:06  Overlord  
  98  7:18  Zerg Ground Armor Level 2  
  98  7:19  Zergling x2  
  98  7:20  Zergling x20  
  109  7:32  Drone x4  
  109  7:36  Drone  
  109  7:37  Drone x2  
  116  7:40  Hatchery  
  116  7:41  Queen  
  116  7:42  Queen  
  116  7:43  Mutalisk x5  
  123  7:46  Zerg Melee Weapons Level 2  
  123  7:48  Mutalisk x3  
  123  7:49  Mutalisk x3  
  131  8:04  Drone x3, Extractor  
  131  8:05  Drone x7, Extractor  
  138  8:06  Drone x2  
  138  8:11  Infestation Pit  
  140  8:19  Baneling  
  138  8:20  Baneling x11  
  138  8:21  Zergling x8  
  138  8:25  Pneumatized Carapace  
  138  8:26  Overlord  
  142  8:28  Overlord x3  
  142  8:39  Overseer  
  142  8:47  Zergling x2  
  142  8:48  Zergling x32  
  159  8:51  Hive  
  159  8:55  Queen  
  161  8:59  Zergling x2  
  161  9:00  Zergling x20  
  171  9:03  Mutalisk  
  171  9:04  Mutalisk x3  
  171  9:08  Baneling x13  
  160  9:32  Zergling x2  
  160  9:33  Zergling x34  
  160  9:34  Zergling x6  
  150  9:55  Mutalisk x5  
  147  10:11  Ultralisk Cavern  
  139  10:25  Zergling x2  
  139  10:26  Zergling x58  
Show
View Real Time Build Order
Export as new Build Order

PwTelivolts Terran 

Build Orders: Command Center First (CC), Liberator Opening 

Get SALT Encoding   

  12  0:00  SCV  
  13  0:13  SCV  
  14  0:17  Supply Depot  
  14  0:25  SCV  
  15  0:38  SCV  
  16  0:50  SCV  
  17  1:03  SCV  
  18  1:04  Command Center  
  18  1:10  Refinery  
  18  1:16  SCV  
  19  1:23  Barracks  
  19  1:28  SCV  
  20  1:39  Refinery  
  20  1:40  SCV  
  21  1:52  SCV  
  23  2:12  Reaper, Orbital Command  
  23  2:18  Orbital Command  
  23  2:24  Factory  
  23  2:37  SCV  
  24  2:44  SCV  
  24  2:49  SCV  
  24  2:51  Barracks Tech Lab  
  26  2:56  SCV  
  27  3:01  SCV  
  28  3:08  SCV  
  28  3:09  Command Center  
  29  3:14  SCV  
  29  3:16  Starport  
  30  3:20  SCV  
  30  3:21  Siege Tank  
  30  3:25  Barracks Reactor  
  30  3:26  SCV  
  35  3:29  Supply Depot  
  35  3:33  SCV  
  36  3:38  SCV  
  37  3:45  SCV  
  37  3:46  Barracks  
  38  3:53  Siege Tank, Liberator  
  41  3:58  SCV x2  
  41  4:02  Refinery  
  42  4:03  Refinery  
  42  4:06  Engineering Bay  
  42  4:07  Engineering Bay  
  42  4:10  SCV  
  46  4:21  SCV, Marine x2  
  46  4:22  Orbital Command  
  49  4:27  Supply Depot  
  49  4:32  Siege Tank  
  49  4:35  Barracks Tech Lab  
  49  4:36  SCV x2  
  54  4:41  Supply Depot  
  54  4:44  Marine x2  
  56  4:47  SCV  
  56  4:48  SCV x2, Terran Infantry Weapons Level 1  
  59  4:54  Terran Infantry Armor Level 1  
  59  5:00  Starport Reactor, Marine  
  59  5:01  Supply Depot  
  59  5:02  Marine x2  
  59  5:06  SCV  
  59  5:07  SCV x2  
  65  5:11  Siege Tank  
  68  5:16  Barracks x2  
  68  5:19  Barracks  
  68  5:20  Stimpack  
  68  5:23  Marine  
  68  5:24  Marine x2, Supply Depot  
  68  5:25  SCV  
  72  5:35  Supply Depot  
  72  5:36  Supply Depot  
  72  5:41  Marine  
  72  5:42  Marine  
  74  5:43  Marine  
  74  5:45  Siege Tank  
  74  5:46  Medivac  
  80  5:50  SCV  
  80  5:51  SCV  
  80  5:56  Supply Depot  
  82  5:59  Marine x2, Supply Depot x2  
  82  6:00  Medivac  
  82  6:01  Marine  
  82  6:03  SCV x2  
  90  6:12  Barracks Reactor x2  
  90  6:13  Barracks Reactor  
  90  6:14  Factory  
  90  6:16  Orbital Command  
  86  6:19  Marine  
  86  6:20  Supply Depot  
  86  6:21  Supply Depot  
  86  6:23  Supply Depot  
  87  6:26  Supply Depot x2  
  87  6:27  Supply Depot  
  87  6:29  Medivac  
  87  6:30  SCV x2  
  91  6:43  Supply Depot x2  
  91  6:52  Marine  
  91  6:53  Marine x8  
  91  6:54  Siege Tank  
  103  6:55  Supply Depot  
  103  6:58  SCV x2  
  105  7:02  Factory Tech Lab  
  104  7:10  Marine  
  104  7:11  Marine x5  
  104  7:14  Marine x2  
  104  7:15  Marine  
  111  7:17  SCV  
  111  7:18  SCV  
  113  7:26  Supply Depot  
  113  7:27  Siege Tank, Medivac  
  113  7:28  Marine x4  
  122  7:30  Siege Tank  
  122  7:33  Supply Depot  
  125  7:42  Marine x2  
  127  7:46  Marine x3  
  127  7:47  Medivac  
  128  7:58  Marine x3  
  130  7:59  Siege Tank  
  130  8:04  Refinery  
  130  8:05  Refinery  
  132  8:07  Supply Depot  
  132  8:08  Missile Turret, Supply Depot  
  132  8:09  Missile Turret  
  132  8:10  Marine x3  
  132  8:12  Marine x3  
  136  8:15  Command Center  
  136  8:16  Missile Turret, Marine x3  
  140  8:26  Bunker  
  140  8:28  Marine x2  
  140  8:31  Supply Depot  
  140  8:34  Marine x2  
  140  8:40  Marine  
  143  8:42  Supply Depot  
  143  8:43  Marine  
  143  8:44  Siege Tank x2  
  143  8:45  Medivac x2  
  154  8:48  Missile Turret  
  154  8:50  Supply Depot  
  154  9:00  Barracks  
  154  9:04  Barracks  
  154  9:05  Barracks  
  154  9:07  Ghost Academy  
  154  9:10  Missile Turret  
  154  9:23  Marine x2  
  106  9:39  Marine  
  106  9:40  Marine x6  
  106  9:41  Siege Tank x2, Marine x2  
  94  9:57  Marine  
  94  9:58  Marine x7  
  94  9:59  SCV x3, Marine  
  91  10:13  Siege Tank x2  
  88  10:15  Marine x4  
  88  10:16  Marine x4  
  88  10:17  Marine  
Tags
 
Add a new tag
Caveats
  • Supply blocks, unpowered buildings, or Contaminate may cause inaccurate times.
  • Supply counts are checked every 10 seconds.